Devils vs Flyers

Created - November 30, 2023 at 22:00

Goals
1 2 3 T
Devils 2 3 3 8
Flyers 1 1 0 2
Shots
1 2 3 T
Devils 14 16 18 48
Flyers 9 11 12 32

1st period

1. Devils , Adam Henrique 8 (Rafael Harvey-Pinard 11, Tyler Myers 6) at 2:07
2. Devils , Derick Brassard 2 (Dougie Hamilton 13, Ryan Suter 9) at 2:43
3. Flyers , Ryan Hartman 4 (Radko Gudas 7, Brandon Tanev 3) at 5:45

Penalties :
Boone Jenner (PHI) for Slashing (Minor) at 9:06, Robert Hagg (PHI) for Holding (Minor) at 17:15

2nd period

4. Devils , Phillip Di Giuseppe 2 (Tim Stutzle 9, Sean Durzi 20) at 3:31
5. Flyers , William Karlsson 4 (Ryan Hartman 6) at 6:53
6. Devils , Travis Boyd 10 (Nick Foligno 4, Mike Hoffman 12) at 11:43
7. Devils , Adam Henrique 9 (Tim Stutzle 10, Sean Durzi 21) at 18:43 (PP)

Penalties :
Dougie Hamilton (NJD) for Hooking (Minor) at 14:54, Brandon Tanev (PHI) for Tripping (Minor) at 17:41

3rd period

8. Devils , Adam Henrique 10 (Dylan Guenther 4, Rafael Harvey-Pinard 12) at 0:14
9. Devils , Tim Stutzle 9 (Dougie Hamilton 14, Ryan Suter 10) at 11:19
10. Devils , Tim Stutzle 10 (Adam Henrique 12, Dougie Hamilton 15) at 19:49 (PP)

Penalties :
Boone Jenner (PHI) for Boarding (Minor) at 18:18

Goalie Stats

Jacob Markstrom (NJD), 30 saves from 32 shots - (0.938), W, 11-5-2, 60:00 minutes
Ilya Sorokin (PHI), 40 saves from 48 shots - (0.833), L, 12-11-0, 60:00 minutes

Players Stats for Devils

Player Name              G  A  P  +/- PIM S  H  SB GA TA FO     MP     PP MP  PK MP  
------------------------------------------------------------------------------------
Adam Erne                0  0  0   1  0   0  0  0  0  0  0/0     6:02   0:00   0:28 
Adam Henrique            3  1  4   0  0   10 1  0  0  0  19/38  18:55   3:22   0:36 
Chad Ruhwedel            0  0  0   0  0   1  3  1  0  0  0/0    17:24   0:00   0:59 
Derick Brassard          1  0  1   1  0   4  1  1  0  0  3/4     6:41   0:34   0:33 
Dougie Hamilton          0  3  3   2  2   2  1  1  0  0  0/0    21:34   2:59   0:00 
Dylan Guenther           0  1  1   0  0   3  0  0  0  0  0/2    14:57   0:00   0:00 
Marcus Johansson         0  0  0   2  0   0  0  1  0  0  0/1    20:45   3:56   0:00 
Mark Jankowski           0  0  0   1  0   2  0  0  0  0  5/7     6:02   0:00   0:28 
Mike Hoffman             0  1  1   1  0   3  0  0  0  0  2/2    16:45   2:35   0:00 
Nick Foligno             0  1  1   1  0   1  1  0  0  0  0/2    14:10   0:00   0:00 
Phillip Di Giuseppe      1  0  1   2  0   3  1  0  0  0  0/2    17:47   0:00   0:58 
Rafael Harvey-Pinard     0  2  2   0  0   5  3  1  0  0  1/1    17:32   2:35   0:00 
Ryan Suter               0  2  2   2  0   0  1  1  0  0  0/0    18:11   0:00   0:54 
Sean Durzi               0  2  2   2  0   0  1  2  0  0  0/0    20:47   2:59   0:00 
Tim Stutzle              2  2  4   2  0   9  1  0  0  0  15/33  20:51   3:56   0:06 
Travis Boyd              1  0  1   1  0   4  0  0  0  0  21/32  17:34   2:35   0:49 
Troy Stecher             0  0  0   0  0   1  0  2  0  0  0/0    20:52   3:32   0:55 
Tyler Myers              0  1  1   2  0   0  5  0  0  0  0/0    21:11   3:32   1:10 

Players Stats for Flyers

Player Name              G  A  P  +/- PIM S  H  SB GA TA FO     MP     PP MP  PK MP  
------------------------------------------------------------------------------------
Alex Killorn             0  0  0  -1  0   1  0  0  0  0  0/0    14:38   1:03   0:45 
Anthony Duclair          0  0  0  -2  0   1  0  0  0  0  0/2    12:49   0:00   0:00 
Artemi Panarin           0  0  0  -1  0   4  0  0  0  0  0/0    13:53   1:03   0:00 
Blake Wheeler            0  0  0  -1  0   1  2  0  0  0  18/41  18:41   0:56   4:45 
Boone Jenner             0  0  0  -1  4   1  1  0  0  0  13/24  16:19   1:03   2:28 
Brandon Tanev            0  1  1   0  2   4  4  0  0  0  0/0    14:03   0:00   1:13 
David Krejci             0  0  0  -2  0   0  0  1  0  0  12/25  15:46   0:00   2:57 
Johnathan Kovacevic      0  0  0  -2  0   1  1  2  0  0  0/0    15:49   0:00   0:00 
Morgan Frost             0  0  0  -2  0   3  2  0  0  0  0/1    12:49   0:00   0:00 
Moritz Seider            0  0  0  -1  0   2  1  2  0  0  0/0    24:59   0:56   4:17 
Patrick Kane             0  0  0  -1  0   3  0  0  0  0  0/2    14:41   0:56   0:45 
Radko Gudas              0  1  1  -1  0   0  1  2  0  0  0/0    24:59   0:56   4:17 
Robert Hagg              0  0  0  -2  2   0  3  2  0  0  0/0    15:48   0:00   0:00 
Ryan Hartman             1  1  2   0  0   3  1  1  0  0  0/0    12:51   0:00   0:00 
Travis Sanheim           0  0  0  -1  0   1  1  2  0  0  0/0    19:12   1:03   2:14 
Trevor Moore             0  0  0  -1  0   1  2  0  0  0  0/1    13:56   0:56   0:00 
William Karlsson         1  0  1   0  0   4  1  0  0  0  15/28  13:00   0:00   0:09 
Zachary Werenski         0  0  0  -1  0   2  0  0  0  0  0/0    19:12   1:03   2:14 

3 Stars

1 - Adam Henrique (NJD)
2 - Tim Stutzle (NJD)
3 - Dougie Hamilton (NJD)

Power Play

Devils - 2 on 4 Attempt(s) - 50.00%
Flyers - 0 on 1 Attempt(s) - 0.00%

Penalty Kill

Devils - 1 on 1 Attempt(s) - 100.00% - Score 0 goal in Penalty Kill
Flyers - 2 on 4 Attempt(s) - 50.00% - Score 0 goal in Penalty Kill

Team Stat

Devils - Hits : 19 - Faceoff Wins : 66 - Blocked Shots : 10 - Penalty Minutes : 2
Flyers - Hits : 20 - Faceoff Wins : 58 - Blocked Shots : 12 - Penalty Minutes : 8

Official

Referees : Cody Beach and Garrett Rank
Linesman : Devin Berg and Brandon Gawryletz

Game Notes

Adam Henrique has scored a Hat Trick!

Finance

Level 1 -- Attendance: 6000 (100.00%) -- Ticket Income $510,000
Level 2 -- Attendance: 5000 (100.00%) -- Ticket Income $225,000
Level 3 -- Attendance: 2000 (100.00%) -- Ticket Income $80,000
Level 4 -- Attendance: 4000 (100.00%) -- Ticket Income $140,000
Luxury Box -- Attendance: 1000 (100.00%) -- Ticket Income $100,000
Game was played at the Wachovia Center.
Total Attendance: 18000 (100.00%)
Total Ticket Income: $1,055,000
Other Income: $516,950
Total Income: $1,571,950

Devils

5 vs 5 Forward 
   Center                   Left Wing                Right Wing               Time % Phy DF OF 
 1 Tim Stutzle              Phillip Di Giuseppe      Marcus Johansson         32     0   1  4  
 2 Adam Henrique            Rafael Harvey-Pinard     Dylan Guenther           30     0   1  4  
 3 Travis Boyd              Mike Hoffman             Nick Foligno             28     0   2  3  
 4 Mark Jankowski           Derick Brassard          Adam Erne                10     1   3  1  

5 vs 5 Defense 
   Defense                  Defense                                           Time % Phy DF OF 
 1 Dougie Hamilton          Ryan Suter                                        33     1   3  1  
 2 Tyler Myers              Sean Durzi                                        32     1   3  1  
 3 Troy Stecher             Chad Ruhwedel                                     30     1   3  1  
 4 Dougie Hamilton          Sean Durzi                                        5      1   2  2  

PowerPlay Forward 
   Center                   Left Wing                Right Wing               Time % Phy DF OF 
 1 Adam Henrique            Tim Stutzle              Marcus Johansson         70     0   0  5  
 2 Travis Boyd              Mike Hoffman             Rafael Harvey-Pinard     30     0   1  4  

PowerPlay Defense
   Defense                  Defense                                           Time % Phy DF OF 
 1 Dougie Hamilton          Sean Durzi                                        70     0   0  5  
 2 Troy Stecher             Tyler Myers                                       30     0   1  4  

Penalty Kill 4 Players Forward 
   Center                   Wing                     Time % Phy DF OF 
 1 Travis Boyd              Phillip Di Giuseppe      60     0   5  0  
 2 Mark Jankowski           Adam Erne                40     0   5  0  

Penalty Kill 4 Players Defense
   Defense                  Defense                  Time % Phy DF OF 
 1 Ryan Suter               Tyler Myers              60     0   5  0  
 2 Troy Stecher             Chad Ruhwedel            40     0   5  0  

Penalty Kill - 3 Players Forward 
   Forward                                           Time % Phy DF OF 
 1 Travis Boyd                                       60     0   5  0  
 2 Mark Jankowski                                    40     0   5  0  

Penalty Kill - 3 Players Defense
   Defense                  Defense                  Time % Phy DF OF 
 1 Ryan Suter               Tyler Myers              60     0   5  0  
 2 Troy Stecher             Chad Ruhwedel            40     0   5  0  

4 vs 4 Forward 
   Center                   Wing                     Time % Phy DF OF 
 1 Tim Stutzle              Adam Henrique            60     1   2  2  
 2 Travis Boyd              Marcus Johansson         40     1   2  2  

4 vs 4 Defense
   Defense                  Defense                  Time % Phy DF OF 
 1 Dougie Hamilton          Ryan Suter               60     1   2  2  
 2 Tyler Myers              Sean Durzi               40     1   2  2  

Last Minutes Offensive
   Center                   Left Wing                Right Wing               Defense                  Defense                  
   Tim Stutzle              Marcus Johansson         Adam Henrique            Dougie Hamilton          Sean Durzi               

Last Minutes Defensive
   Center                   Left Wing                Right Wing               Defense                  Defense                  
   Adam Henrique            Mark Jankowski           Phillip Di Giuseppe      Tyler Myers              Ryan Suter               

Goaltenders
Starting : Jacob Markstrom          
Backup : James Reimer             

Extra Forwards
Normal : Tim Stutzle, Adam Henrique, Marcus Johansson - PP : Tim Stutzle, Marcus Johansson - PK : Adam Henrique
Extra Defensemen
Normal : Ryan Suter, Tyler Myers, Dougie Hamilton - PP : Ryan Suter - PK : Ryan Suter, Tyler Myers
Penalty Shots
Tim Stutzle, Dougie Hamilton, Adam Erne, Derick Brassard, Marcus Johansson
Custom OT Lines Forwards
Adam Henrique, Tim Stutzle, Marcus Johansson, Rafael Harvey-Pinard, Mike Hoffman, Dylan Guenther, Derick Brassard, Phillip Di Giuseppe, Travis Boyd, Nick Foligno
Custom OT Lines Defensemen
Dougie Hamilton, Sean Durzi, Ryan Suter, Tyler Myers, Troy Stecher

Scratches
Zach Bogosian (Healthy), David Rittich (Healthy)

Flyers

5 vs 5 Forward 
   Center                   Left Wing                Right Wing               Time % Phy DF OF 
 1 Boone Jenner             Artemi Panarin           Alex Killorn             25     1   2  2  
 2 Blake Wheeler            Trevor Moore             Patrick Kane             25     1   2  2  
 3 William Karlsson         Brandon Tanev            Ryan Hartman             25     1   2  2  
 4 David Krejci             Anthony Duclair          Morgan Frost             25     1   2  2  

5 vs 5 Defense 
   Defense                  Defense                                           Time % Phy DF OF 
 1 Moritz Seider            Radko Gudas                                       25     1   2  2  
 2 Zachary Werenski         Travis Sanheim                                    25     1   2  2  
 3 Robert Hagg              Johnathan Kovacevic                               25     1   2  2  
 4 Moritz Seider            Radko Gudas                                       25     1   2  2  

PowerPlay Forward 
   Center                   Left Wing                Right Wing               Time % Phy DF OF 
 1 Boone Jenner             Artemi Panarin           Alex Killorn             60     1   2  2  
 2 Blake Wheeler            Trevor Moore             Patrick Kane             40     1   2  2  

PowerPlay Defense
   Defense                  Defense                                           Time % Phy DF OF 
 1 Moritz Seider            Radko Gudas                                       60     1   2  2  
 2 Zachary Werenski         Travis Sanheim                                    40     1   2  2  

Penalty Kill 4 Players Forward 
   Center                   Wing                     Time % Phy DF OF 
 1 Blake Wheeler            Boone Jenner             60     1   2  2  
 2 Alex Killorn             Patrick Kane             40     1   2  2  

Penalty Kill 4 Players Defense
   Defense                  Defense                  Time % Phy DF OF 
 1 Moritz Seider            Radko Gudas              60     1   2  2  
 2 Zachary Werenski         Travis Sanheim           40     1   2  2  

Penalty Kill - 3 Players Forward 
   Forward                                           Time % Phy DF OF 
 1 Alex Killorn                                      60     1   2  2  
 2 Boone Jenner                                      40     1   2  2  

Penalty Kill - 3 Players Defense
   Defense                  Defense                  Time % Phy DF OF 
 1 Moritz Seider            Radko Gudas              60     1   2  2  
 2 Zachary Werenski         Travis Sanheim           40     1   2  2  

4 vs 4 Forward 
   Center                   Wing                     Time % Phy DF OF 
 1 William Karlsson         Boone Jenner             60     1   2  2  
 2 Alex Killorn             Patrick Kane             40     1   2  2  

4 vs 4 Defense
   Defense                  Defense                  Time % Phy DF OF 
 1 Moritz Seider            Radko Gudas              60     1   2  2  
 2 Zachary Werenski         Travis Sanheim           40     1   2  2  

Last Minutes Offensive
   Center                   Left Wing                Right Wing               Defense                  Defense                  
   Boone Jenner             Artemi Panarin           Alex Killorn             Moritz Seider            Radko Gudas              

Last Minutes Defensive
   Center                   Left Wing                Right Wing               Defense                  Defense                  
   Boone Jenner             Artemi Panarin           Alex Killorn             Moritz Seider            Radko Gudas              

Goaltenders
Starting : Ilya Sorokin             
Backup : Daniil Tarasov           

Extra Forwards
Normal : Morgan Frost, William Karlsson, David Krejci - PP : Morgan Frost, William Karlsson - PK : David Krejci
Extra Defensemen
Normal : Robert Hagg, Moritz Seider, Zachary Werenski - PP : Robert Hagg - PK : Radko Gudas, Zachary Werenski
Penalty Shots
Morgan Frost, Boone Jenner, Alex Killorn, Patrick Kane, Blake Wheeler
Custom OT Lines Forwards
Artemi Panarin, Boone Jenner, Alex Killorn, Patrick Kane, Blake Wheeler, William Karlsson, David Krejci, Morgan Frost, Ryan Hartman, Trevor Moore
Custom OT Lines Defensemen
Moritz Seider, Radko Gudas, Zachary Werenski, Travis Sanheim, Robert Hagg

Scratches
Nick Seeler (Healthy)

% Time on Ice - Devils

Lines # - Real PCT - Wanted PCT - Time Play
Normal Forward
1 - 33% - 32% - 16:49
2 - 29% - 30% - 14:57
3 - 28% - 28% - 14:10
4 - 11% - 10% - 5:34
Normal Defense
1 - 34% - 33% - 17:17
2 - 32% - 32% - 16:29
3 - 32% - 30% - 16:25
4 - 3% - 5% - 1:19
PP Forward
1 - 60% - 70% - 3:56
2 - 40% - 30% - 2:35
PP Defense
1 - 46% - 70% - 2:59
2 - 54% - 30% - 3:32
PK Forward
1 - 76% - 60% - 1:31
2 - 24% - 40% - 0:28
PK Defense
1 - 59% - 60% - 1:10
2 - 41% - 40% - 0:49
PK3 Forward
1 - 0% - 60%
2 - 0% - 40%
PK3 Defense
1 - 0% - 60%
2 - 0% - 40%
44 Forward
1 - 0% - 60%
2 - 0% - 40%
44 Defense
1 - 0% - 60%
2 - 0% - 40%
Last Minute Offensive  - 0:00
Last Minute Defensive  - 0:00
Total
Forward - 60:00
Defense - 60:00

% Time on Ice - Flyers

Lines # - Real PCT - Wanted PCT - Time Play
Normal Forward
1 - 25% - 25% - 12:50
2 - 25% - 25% - 13:00
3 - 25% - 25% - 12:51
4 - 25% - 25% - 12:49
Normal Defense
1 - 18% - 25% - 9:27
2 - 31% - 25% - 15:55
3 - 31% - 25% - 15:49
4 - 20% - 25% - 10:19
PP Forward
1 - 53% - 60% - 1:03
2 - 47% - 40% - 0:56
PP Defense
1 - 47% - 60% - 0:56
2 - 53% - 40% - 1:03
PK Forward
1 - 88% - 60% - 5:46
2 - 12% - 40% - 0:45
PK Defense
1 - 66% - 60% - 4:17
2 - 34% - 40% - 2:14
PK3 Forward
1 - 0% - 60%
2 - 0% - 40%
PK3 Defense
1 - 0% - 60%
2 - 0% - 40%
44 Forward
1 - 0% - 60%
2 - 0% - 40%
44 Defense
1 - 0% - 60%
2 - 0% - 40%
Last Minute Offensive  - 0:00
Last Minute Defensive  - 0:00
Total
Forward - 60:00
Defense - 60:00

Play-by-Play

1st period


0:01 of 1st period - Boone Jenner wins face-off versus Tim Stutzle in neutral zone.
0:27 of 1st period - Icing by Marcus Johansson.
0:28 of 1st period - Blake Wheeler wins face-off versus Phillip Di Giuseppe in Devils zone.
0:43 of 1st period - Icing by Tim Stutzle.
0:44 of 1st period - William Karlsson wins face-off versus Tim Stutzle in Devils zone.
0:50 of 1st period - Tim Stutzle is hit by Ryan Hartman and loses puck.
1:15 of 1st period - Shot by Johnathan Kovacevic.
1:15 of 1st period - Shot Misses the Net.
1:17 of 1st period - Shot by Ryan Hartman.
1:17 of 1st period - Stopped by Jacob Markstrom without a rebound.
1:18 of 1st period - Travis Boyd wins face-off versus David Krejci in Devils zone.
1:40 of 1st period - Shot by David Krejci.
1:40 of 1st period - Shot Blocked by Troy Stecher.
2:05 of 1st period - Shot by Rafael Harvey-Pinard.
2:05 of 1st period - Shot Misses the Net.
2:07 of 1st period - Shot by Adam Henrique.
2:07 of 1st period - Goal by Adam Henrique - Devils : 1 - Flyers : 0.
2:08 of 1st period - Adam Henrique wins face-off versus Blake Wheeler in neutral zone.
2:13 of 1st period - Zachary Werenski is hit by Rafael Harvey-Pinard and loses puck.
2:27 of 1st period - Off-side.
2:28 of 1st period - Mark Jankowski wins face-off versus Boone Jenner in neutral zone.
2:39 of 1st period - Shot by Derick Brassard.
2:39 of 1st period - Shot Misses the Net.
2:43 of 1st period - Shot by Derick Brassard.
2:43 of 1st period - Goal by Derick Brassard - Devils : 2 - Flyers : 0.
2:44 of 1st period - Adam Henrique wins face-off versus William Karlsson in neutral zone.
2:55 of 1st period - Shot by Adam Henrique.
2:55 of 1st period - Shot Blocked by Ryan Hartman.
2:58 of 1st period - Icing by Zachary Werenski.
2:59 of 1st period - William Karlsson wins face-off versus Travis Boyd in Flyers zone.
3:24 of 1st period - Icing by Troy Stecher.
3:25 of 1st period - Travis Boyd wins face-off versus Blake Wheeler in Devils zone.
3:45 of 1st period - Shot by Travis Boyd.
3:45 of 1st period - Shot Misses the Net.
4:00 of 1st period - Icing by Sean Durzi.
4:01 of 1st period - Boone Jenner wins face-off versus Adam Henrique in Devils zone.
4:13 of 1st period - Sean Durzi is hit by Robert Hagg and loses puck.
4:16 of 1st period - Shot by Rafael Harvey-Pinard.
4:16 of 1st period - Shot Blocked by Robert Hagg.
4:18 of 1st period - Shot by Rafael Harvey-Pinard.
4:18 of 1st period - Stopped by Ilya Sorokin without a rebound.
4:19 of 1st period - Tim Stutzle wins face-off versus David Krejci in Flyers zone.
4:24 of 1st period - Shot by Tim Stutzle.
4:24 of 1st period - Shot Blocked by David Krejci.
4:30 of 1st period - Shot by Tim Stutzle.
4:30 of 1st period - Shot Misses the Net.
4:32 of 1st period - Shot by Marcus Johansson.
4:32 of 1st period - Shot Blocked by Travis Sanheim.
4:34 of 1st period - Shot by Dougie Hamilton.
4:34 of 1st period - Shot Misses the Net.
4:36 of 1st period - Shot by Phillip Di Giuseppe.
4:36 of 1st period - Stopped by Ilya Sorokin without a rebound.
4:37 of 1st period - Mark Jankowski wins face-off versus Boone Jenner in Flyers zone.
4:57 of 1st period - Shot by Artemi Panarin.
4:57 of 1st period - Stopped by Jacob Markstrom without a rebound.
4:58 of 1st period - Tim Stutzle wins face-off versus David Krejci in Devils zone.
5:04 of 1st period - Off-side.
5:05 of 1st period - Tim Stutzle wins face-off versus Blake Wheeler in neutral zone.
5:35 of 1st period - Shot by Patrick Kane.
5:35 of 1st period - Stopped by Jacob Markstrom without a rebound.
5:36 of 1st period - William Karlsson wins face-off versus Dylan Guenther in Devils zone.
5:41 of 1st period - Shot by Brandon Tanev.
5:41 of 1st period - Stopped by Jacob Markstrom with a rebound.
5:45 of 1st period - Shot by Ryan Hartman.
5:45 of 1st period - Goal by Ryan Hartman - Devils : 2 - Flyers : 1.
5:46 of 1st period - Mike Hoffman wins face-off versus David Krejci in neutral zone.
5:59 of 1st period - Shot by Morgan Frost.
5:59 of 1st period - Stopped by Jacob Markstrom without a rebound.
6:00 of 1st period - Adam Henrique wins face-off versus Boone Jenner in Devils zone.
6:21 of 1st period - Shot by Rafael Harvey-Pinard.
6:21 of 1st period - Stopped by Ilya Sorokin without a rebound.
6:22 of 1st period - William Karlsson wins face-off versus Tim Stutzle in Flyers zone.
6:29 of 1st period - Tim Stutzle is hit by Brandon Tanev and loses puck.
6:36 of 1st period - Shot by Brandon Tanev.
6:36 of 1st period - Shot Blocked by Marcus Johansson.
6:38 of 1st period - Shot by Brandon Tanev.
6:38 of 1st period - Stopped by Jacob Markstrom without a rebound.
6:39 of 1st period - Travis Boyd wins face-off versus Anthony Duclair in Devils zone.
6:59 of 1st period - Off-side.
7:00 of 1st period - Adam Henrique wins face-off versus William Karlsson in neutral zone.
7:13 of 1st period - Shot by Adam Henrique.
7:13 of 1st period - Stopped by Ilya Sorokin with a rebound.
7:23 of 1st period - Tyler Myers is hit by Brandon Tanev and loses puck.
7:41 of 1st period - Off-side.
7:42 of 1st period - Tim Stutzle wins face-off versus Patrick Kane in neutral zone.
7:50 of 1st period - Shot by Marcus Johansson.
7:50 of 1st period - Shot Misses the Net.
8:07 of 1st period - Icing by Patrick Kane.
8:08 of 1st period - Blake Wheeler wins face-off versus Mark Jankowski in Flyers zone.
8:14 of 1st period - Icing by Zachary Werenski.
8:15 of 1st period - Blake Wheeler wins face-off versus Nick Foligno in Flyers zone.
9:06 of 1st period - Minor Penalty to Boone Jenner for Slashing.
9:07 of 1st period - Blake Wheeler wins face-off versus Adam Henrique in Flyers zone.
9:13 of 1st period - Icing by Adam Henrique.
9:14 of 1st period - Adam Henrique wins face-off versus Blake Wheeler in Devils zone.
9:29 of 1st period - Shot by Tim Stutzle.
9:29 of 1st period - Shot Blocked by Radko Gudas.
9:38 of 1st period - Icing by Tim Stutzle.
9:39 of 1st period - Adam Henrique wins face-off versus Blake Wheeler in Devils zone.
9:39 of 1st period - Adam Henrique is hit by Blake Wheeler.
9:52 of 1st period - Marcus Johansson is hit by Travis Sanheim and loses puck.
10:18 of 1st period - Icing by Tyler Myers.
10:19 of 1st period - Adam Henrique wins face-off versus David Krejci in Devils zone.
10:19 of 1st period - Adam Henrique is hit by Brandon Tanev.
10:41 of 1st period - Shot by Brandon Tanev.
10:41 of 1st period - Deflect By David Krejci.
10:41 of 1st period - Shot Blocked by Sean Durzi.
10:49 of 1st period - Shot by Dougie Hamilton.
10:49 of 1st period - Shot Misses the Net.
10:52 of 1st period - Rafael Harvey-Pinard is hit by Moritz Seider and loses puck.
10:57 of 1st period - Shot by Mike Hoffman.
10:57 of 1st period - Stopped by Ilya Sorokin with a rebound.
11:41 of 1st period - Shot by Alex Killorn.
11:41 of 1st period - Shot Misses the Net.
11:45 of 1st period - Shot by Artemi Panarin.
11:45 of 1st period - Shot Blocked by Derick Brassard.
11:55 of 1st period - Shot by Patrick Kane.
11:55 of 1st period - Stopped by Jacob Markstrom without a rebound.
11:56 of 1st period - Travis Boyd wins face-off versus Blake Wheeler in Devils zone.
11:56 of 1st period - Travis Boyd is hit by Trevor Moore.
12:16 of 1st period - Shot by Mike Hoffman.
12:16 of 1st period - Shot Misses the Net.
12:28 of 1st period - Shot by Mike Hoffman.
12:28 of 1st period - Stopped by Ilya Sorokin without a rebound.
12:29 of 1st period - Tim Stutzle wins face-off versus William Karlsson in Flyers zone.
12:38 of 1st period - Shot by Ryan Hartman.
12:38 of 1st period - Shot Blocked by Chad Ruhwedel.
12:47 of 1st period - William Karlsson is hit by Chad Ruhwedel and loses puck.
12:53 of 1st period - William Karlsson is hit by Chad Ruhwedel and loses puck.
13:15 of 1st period - Off-side.
13:16 of 1st period - David Krejci wins face-off versus Adam Henrique in neutral zone.
13:31 of 1st period - Shot by Adam Henrique.
13:31 of 1st period - Stopped by Ilya Sorokin without a rebound.
13:32 of 1st period - Boone Jenner wins face-off versus Nick Foligno in Flyers zone.
14:20 of 1st period - Icing by Alex Killorn.
14:21 of 1st period - Boone Jenner wins face-off versus Adam Henrique in Flyers zone.
14:21 of 1st period - Boone Jenner is hit by Rafael Harvey-Pinard.
14:47 of 1st period - Shot by Adam Henrique.
14:47 of 1st period - Deflect By Rafael Harvey-Pinard.
14:47 of 1st period - Stopped by Ilya Sorokin without a rebound.
14:48 of 1st period - William Karlsson wins face-off versus Tim Stutzle in Flyers zone.
14:53 of 1st period - William Karlsson is hit by Tim Stutzle and loses puck.
14:57 of 1st period - Icing by Brandon Tanev.
14:58 of 1st period - Derick Brassard wins face-off versus William Karlsson in Flyers zone.
16:07 of 1st period - Shot by Tim Stutzle.
16:07 of 1st period - Stopped by Ilya Sorokin without a rebound.
16:08 of 1st period - Adam Henrique wins face-off versus Blake Wheeler in Flyers zone.
16:19 of 1st period - Shot by Trevor Moore.
16:19 of 1st period - Shot Misses the Net.
16:31 of 1st period - Shot by Patrick Kane.
16:31 of 1st period - Shot Blocked by Rafael Harvey-Pinard.
17:06 of 1st period - Shot by Artemi Panarin.
17:06 of 1st period - Stopped by Jacob Markstrom without a rebound.
17:07 of 1st period - David Krejci wins face-off versus Tim Stutzle in Devils zone.
17:15 of 1st period - Minor Penalty to Robert Hagg for Holding.
17:16 of 1st period - Adam Henrique wins face-off versus Blake Wheeler in Flyers zone.
17:17 of 1st period - Shot by Tim Stutzle.
17:17 of 1st period - Stopped by Ilya Sorokin without a rebound.
17:18 of 1st period - Blake Wheeler wins face-off versus Adam Henrique in Flyers zone.
18:26 of 1st period - Shot by Rafael Harvey-Pinard.
18:26 of 1st period - Stopped by Ilya Sorokin with a rebound.
18:28 of 1st period - Shot by Sean Durzi.
18:28 of 1st period - Deflect By Rafael Harvey-Pinard.
18:28 of 1st period - Shot Misses the Net.
18:30 of 1st period - Shot by Travis Boyd.
18:30 of 1st period - Shot Misses the Net.
18:32 of 1st period - Shot by Rafael Harvey-Pinard.
18:32 of 1st period - Stopped by Ilya Sorokin without a rebound.
18:33 of 1st period - Blake Wheeler wins face-off versus Derick Brassard in Flyers zone.
19:20 of 1st period - Shot by Dougie Hamilton.
19:20 of 1st period - Shot Blocked by Johnathan Kovacevic.
Goals for this period are 2 for Devils vs 1 for Flyers.
Shots for this period are 14 for Devils vs 9 for Flyers.

2nd period


0:01 of 2nd period - Tim Stutzle wins face-off versus David Krejci in neutral zone.
0:01 of 2nd period - Marcus Johansson is hit by Morgan Frost and loses puck.
0:08 of 2nd period - Shot by Tim Stutzle.
0:08 of 2nd period - Stopped by Ilya Sorokin without a rebound.
0:09 of 2nd period - Boone Jenner wins face-off versus Adam Henrique in Flyers zone.
0:24 of 2nd period - Shot by Adam Henrique.
0:24 of 2nd period - Stopped by Ilya Sorokin without a rebound.
0:25 of 2nd period - Tim Stutzle wins face-off versus William Karlsson in Flyers zone.
0:41 of 2nd period - Tim Stutzle is hit by Johnathan Kovacevic and loses puck.
1:38 of 2nd period - Shot by Dylan Guenther.
1:38 of 2nd period - Stopped by Ilya Sorokin without a rebound.
1:39 of 2nd period - Travis Boyd wins face-off versus Blake Wheeler in Flyers zone.
2:14 of 2nd period - Shot by Trevor Moore.
2:14 of 2nd period - Deflect By Patrick Kane.
2:14 of 2nd period - Shot Misses the Net.
2:51 of 2nd period - Shot by Dylan Guenther.
2:51 of 2nd period - Stopped by Ilya Sorokin without a rebound.
2:52 of 2nd period - Mark Jankowski wins face-off versus Morgan Frost in Flyers zone.
2:59 of 2nd period - Robert Hagg is hit by Derick Brassard and loses puck.
3:08 of 2nd period - Shot by Derick Brassard.
3:08 of 2nd period - Stopped by Ilya Sorokin without a rebound.
3:09 of 2nd period - William Karlsson wins face-off versus Tim Stutzle in Flyers zone.
3:21 of 2nd period - Shot by Tim Stutzle.
3:21 of 2nd period - Shot Misses the Net.
3:29 of 2nd period - Shot by Tim Stutzle.
3:29 of 2nd period - Shot Misses the Net.
3:31 of 2nd period - Shot by Phillip Di Giuseppe.
3:31 of 2nd period - Goal by Phillip Di Giuseppe - Devils : 3 - Flyers : 1.
3:32 of 2nd period - Boone Jenner wins face-off versus Adam Henrique in neutral zone.
3:35 of 2nd period - Shot by Alex Killorn.
3:35 of 2nd period - Shot Misses the Net.
4:05 of 2nd period - Shot by Chad Ruhwedel.
4:05 of 2nd period - Shot Misses the Net.
4:17 of 2nd period - Icing by Robert Hagg.
4:18 of 2nd period - Boone Jenner wins face-off versus Tim Stutzle in Flyers zone.
4:25 of 2nd period - Icing by Tyler Myers.
4:26 of 2nd period - David Krejci wins face-off versus Marcus Johansson in Devils zone.
4:50 of 2nd period - Shot by Morgan Frost.
4:50 of 2nd period - Stopped by Jacob Markstrom without a rebound.
4:51 of 2nd period - Travis Boyd wins face-off versus Blake Wheeler in Devils zone.
5:03 of 2nd period - Icing by Travis Sanheim.
5:04 of 2nd period - Adam Henrique wins face-off versus Blake Wheeler in Flyers zone.
5:07 of 2nd period - Shot by Rafael Harvey-Pinard.
5:07 of 2nd period - Shot Misses the Net.
5:09 of 2nd period - Shot by Troy Stecher.
5:09 of 2nd period - Shot Blocked by Travis Sanheim.
5:11 of 2nd period - Shot by Adam Henrique.
5:11 of 2nd period - Shot Misses the Net.
5:15 of 2nd period - Shot by Adam Henrique.
5:15 of 2nd period - Stopped by Ilya Sorokin without a rebound.
5:16 of 2nd period - David Krejci wins face-off versus Tim Stutzle in Flyers zone.
6:07 of 2nd period - Shot by Zachary Werenski.
6:07 of 2nd period - Stopped by Jacob Markstrom without a rebound.
6:08 of 2nd period - Blake Wheeler wins face-off versus Travis Boyd in Devils zone.
6:15 of 2nd period - Shot by Patrick Kane.
6:15 of 2nd period - Shot Misses the Net.
6:17 of 2nd period - Shot by Trevor Moore.
6:17 of 2nd period - Stopped by Jacob Markstrom without a rebound.
6:18 of 2nd period - Adam Henrique wins face-off versus William Karlsson in Devils zone.
6:31 of 2nd period - Shot by Adam Henrique.
6:31 of 2nd period - Stopped by Ilya Sorokin without a rebound.
6:32 of 2nd period - Blake Wheeler wins face-off versus Travis Boyd in Flyers zone.
6:34 of 2nd period - Icing by Trevor Moore.
6:35 of 2nd period - Travis Boyd wins face-off versus Blake Wheeler in Flyers zone.
6:46 of 2nd period - Shot by Patrick Kane.
6:46 of 2nd period - Shot Misses the Net.
6:48 of 2nd period - Shot by Travis Sanheim.
6:48 of 2nd period - Stopped by Jacob Markstrom without a rebound.
6:49 of 2nd period - William Karlsson wins face-off versus Adam Henrique in Devils zone.
6:53 of 2nd period - Shot by William Karlsson.
6:53 of 2nd period - Goal by William Karlsson - Devils : 3 - Flyers : 2.
6:54 of 2nd period - Travis Boyd wins face-off versus Boone Jenner in neutral zone.
8:07 of 2nd period - Tim Stutzle is hit by Robert Hagg.
8:27 of 2nd period - Icing by Robert Hagg.
8:28 of 2nd period - William Karlsson wins face-off versus Dylan Guenther in Flyers zone.
8:53 of 2nd period - Shot by Rafael Harvey-Pinard.
8:53 of 2nd period - Shot Misses the Net.
9:41 of 2nd period - Shot by Adam Erne.
9:41 of 2nd period - Deflect By Derick Brassard.
9:41 of 2nd period - Stopped by Ilya Sorokin without a rebound.
9:42 of 2nd period - Tim Stutzle wins face-off versus Blake Wheeler in Flyers zone.
9:45 of 2nd period - Shot by Marcus Johansson.
9:45 of 2nd period - Deflect By Tim Stutzle.
9:45 of 2nd period - Stopped by Ilya Sorokin without a rebound.
9:46 of 2nd period - Blake Wheeler wins face-off versus Tim Stutzle in Flyers zone.
10:13 of 2nd period - Icing by Troy Stecher.
10:14 of 2nd period - Boone Jenner wins face-off versus Tim Stutzle in Devils zone.
10:30 of 2nd period - Shot by Boone Jenner.
10:30 of 2nd period - Shot Blocked by Troy Stecher.
11:19 of 2nd period - Shot by Adam Henrique.
11:19 of 2nd period - Shot Misses the Net.
11:24 of 2nd period - Off-side.
11:25 of 2nd period - Travis Boyd wins face-off versus William Karlsson in neutral zone.
11:25 of 2nd period - Sean Durzi is hit by Brandon Tanev.
11:41 of 2nd period - Shot by Nick Foligno.
11:41 of 2nd period - Shot Misses the Net.
11:43 of 2nd period - Shot by Travis Boyd.
11:43 of 2nd period - Goal by Travis Boyd - Devils : 4 - Flyers : 2.
11:44 of 2nd period - Adam Henrique wins face-off versus Blake Wheeler in neutral zone.
11:49 of 2nd period - Icing by Trevor Moore.
11:50 of 2nd period - Adam Henrique wins face-off versus Blake Wheeler in Flyers zone.
11:56 of 2nd period - Shot by Adam Henrique.
11:56 of 2nd period - Shot Blocked by Moritz Seider.
12:04 of 2nd period - Shot by Adam Henrique.
12:04 of 2nd period - Stopped by Ilya Sorokin without a rebound.
12:05 of 2nd period - Travis Boyd wins face-off versus William Karlsson in Flyers zone.
12:08 of 2nd period - Shot by Nick Foligno.
12:08 of 2nd period - Stopped by Ilya Sorokin without a rebound.
12:09 of 2nd period - William Karlsson wins face-off versus Travis Boyd in Flyers zone.
12:20 of 2nd period - Shot by William Karlsson.
12:20 of 2nd period - Stopped by Jacob Markstrom without a rebound.
12:21 of 2nd period - David Krejci wins face-off versus Adam Henrique in Devils zone.
12:22 of 2nd period - Shot by Zachary Werenski.
12:22 of 2nd period - Stopped by Jacob Markstrom without a rebound.
12:23 of 2nd period - Travis Boyd wins face-off versus Anthony Duclair in Devils zone.
12:47 of 2nd period - Icing by Anthony Duclair.
12:48 of 2nd period - David Krejci wins face-off versus Adam Henrique in Flyers zone.
12:55 of 2nd period - Icing by Adam Henrique.
12:56 of 2nd period - Blake Wheeler wins face-off versus Adam Henrique in Devils zone.
12:58 of 2nd period - Patrick Kane is hit by Ryan Suter and loses puck.
13:13 of 2nd period - Shot by Blake Wheeler.
13:13 of 2nd period - Stopped by Jacob Markstrom without a rebound.
13:14 of 2nd period - William Karlsson wins face-off versus Tim Stutzle in Devils zone.
13:27 of 2nd period - Shot by Marcus Johansson.
13:27 of 2nd period - Shot Misses the Net.
13:50 of 2nd period - Shot by Brandon Tanev.
13:50 of 2nd period - Stopped by Jacob Markstrom without a rebound.
13:51 of 2nd period - Travis Boyd wins face-off versus Boone Jenner in Devils zone.
13:56 of 2nd period - Shot by Artemi Panarin.
13:56 of 2nd period - Stopped by Jacob Markstrom without a rebound.
13:57 of 2nd period - Adam Henrique wins face-off versus Blake Wheeler in Devils zone.
14:02 of 2nd period - Johnathan Kovacevic is hit by Adam Henrique and loses puck.
14:07 of 2nd period - Shot by Dylan Guenther.
14:07 of 2nd period - Shot Misses the Net.
14:09 of 2nd period - Shot by Chad Ruhwedel.
14:09 of 2nd period - Stopped by Ilya Sorokin without a rebound.
14:10 of 2nd period - Travis Boyd wins face-off versus Boone Jenner in Flyers zone.
14:45 of 2nd period - Icing by Ryan Suter.
14:46 of 2nd period - Travis Boyd wins face-off versus Blake Wheeler in Devils zone.
14:48 of 2nd period - Icing by Dougie Hamilton.
14:49 of 2nd period - David Krejci wins face-off versus Travis Boyd in Devils zone.
14:49 of 2nd period - David Krejci is hit by Dougie Hamilton.
14:54 of 2nd period - Minor Penalty to Dougie Hamilton for Hooking.
14:55 of 2nd period - Travis Boyd wins face-off versus Blake Wheeler in Devils zone.
15:09 of 2nd period - Blake Wheeler is hit by Tyler Myers and loses puck.
16:04 of 2nd period - Shot by Boone Jenner.
16:04 of 2nd period - Shot Misses the Net.
17:01 of 2nd period - Shot by Adam Henrique.
17:01 of 2nd period - Shot Blocked by Robert Hagg.
17:14 of 2nd period - Icing by Morgan Frost.
17:15 of 2nd period - Derick Brassard wins face-off versus David Krejci in Flyers zone.
17:18 of 2nd period - Shot by Sean Durzi.
17:18 of 2nd period - Deflect By Mark Jankowski.
17:18 of 2nd period - Stopped by Ilya Sorokin without a rebound.
17:19 of 2nd period - William Karlsson wins face-off versus Tim Stutzle in Flyers zone.
17:41 of 2nd period - Minor Penalty to Brandon Tanev for Tripping.
17:42 of 2nd period - Blake Wheeler wins face-off versus Travis Boyd in Flyers zone.
18:43 of 2nd period - Shot by Adam Henrique.
18:43 of 2nd period - Goal by Adam Henrique - Devils : 5 - Flyers : 2.
18:44 of 2nd period - Mark Jankowski wins face-off versus David Krejci in neutral zone.
19:16 of 2nd period - Shot by Anthony Duclair.
19:16 of 2nd period - Stopped by Jacob Markstrom with a rebound.
19:18 of 2nd period - Shot by Morgan Frost.
19:18 of 2nd period - Shot Misses the Net.
19:56 of 2nd period - Icing by Sean Durzi.
19:57 of 2nd period - Blake Wheeler wins face-off versus Tim Stutzle in Devils zone.
Goals for this period are 3 for Devils vs 1 for Flyers.
Shots for this period are 16 for Devils vs 11 for Flyers.

3rd period


0:01 of 3rd period - Rafael Harvey-Pinard wins face-off versus Blake Wheeler in neutral zone.
0:14 of 3rd period - Shot by Adam Henrique.
0:14 of 3rd period - Goal by Adam Henrique - Devils : 6 - Flyers : 2.
0:15 of 3rd period - Boone Jenner wins face-off versus Travis Boyd in neutral zone.
0:30 of 3rd period - Mike Hoffman is hit by Boone Jenner and loses puck.
1:38 of 3rd period - Off-side.
1:39 of 3rd period - Tim Stutzle wins face-off versus Blake Wheeler in neutral zone.
1:47 of 3rd period - Dougie Hamilton is hit by Blake Wheeler and loses puck.
1:58 of 3rd period - Ryan Suter is hit by Trevor Moore and loses puck.
2:08 of 3rd period - Shot by Blake Wheeler.
2:08 of 3rd period - Shot Blocked by Dougie Hamilton.
2:10 of 3rd period - Shot by Moritz Seider.
2:10 of 3rd period - Stopped by Jacob Markstrom without a rebound.
2:11 of 3rd period - William Karlsson wins face-off versus Adam Henrique in Devils zone.
2:13 of 3rd period - Brandon Tanev is hit by Chad Ruhwedel and loses puck.
2:25 of 3rd period - Icing by Chad Ruhwedel.
2:26 of 3rd period - David Krejci wins face-off versus Adam Henrique in Devils zone.
2:33 of 3rd period - Shot by Moritz Seider.
2:33 of 3rd period - Stopped by Jacob Markstrom without a rebound.
2:34 of 3rd period - Tim Stutzle wins face-off versus Blake Wheeler in Devils zone.
3:07 of 3rd period - Shot by Phillip Di Giuseppe.
3:07 of 3rd period - Stopped by Ilya Sorokin without a rebound.
3:08 of 3rd period - William Karlsson wins face-off versus Adam Henrique in Flyers zone.
3:27 of 3rd period - Shot by William Karlsson.
3:27 of 3rd period - Stopped by Jacob Markstrom without a rebound.
3:28 of 3rd period - David Krejci wins face-off versus Travis Boyd in Devils zone.
3:30 of 3rd period - Morgan Frost is hit by Tyler Myers and loses puck.
3:55 of 3rd period - Shot by Travis Boyd.
3:55 of 3rd period - Stopped by Ilya Sorokin without a rebound.
3:56 of 3rd period - Adam Henrique wins face-off versus Blake Wheeler in Flyers zone.
4:34 of 3rd period - Shot by Patrick Kane.
4:34 of 3rd period - Stopped by Jacob Markstrom with a rebound.
5:00 of 3rd period - Shot by Ryan Hartman.
5:00 of 3rd period - Stopped by Jacob Markstrom without a rebound.
5:01 of 3rd period - Travis Boyd wins face-off versus Boone Jenner in Devils zone.
5:22 of 3rd period - Shot by Nick Foligno.
5:22 of 3rd period - Shot Misses the Net.
5:24 of 3rd period - Shot by Travis Boyd.
5:24 of 3rd period - Stopped by Ilya Sorokin with a rebound.
5:26 of 3rd period - Shot by Travis Boyd.
5:26 of 3rd period - Stopped by Ilya Sorokin without a rebound.
5:27 of 3rd period - Tim Stutzle wins face-off versus David Krejci in Flyers zone.
5:27 of 3rd period - Marcus Johansson is hit by Robert Hagg.
5:31 of 3rd period - Shot by Tim Stutzle.
5:31 of 3rd period - Stopped by Ilya Sorokin with a rebound.
5:48 of 3rd period - Off-side.
5:49 of 3rd period - Derick Brassard wins face-off versus William Karlsson in neutral zone.
6:00 of 3rd period - Shot by Mark Jankowski.
6:00 of 3rd period - Stopped by Ilya Sorokin without a rebound.
6:01 of 3rd period - Boone Jenner wins face-off versus Adam Henrique in Flyers zone.
6:18 of 3rd period - Shot by Adam Henrique.
6:18 of 3rd period - Shot Misses the Net.
6:34 of 3rd period - Shot by Adam Henrique.
6:34 of 3rd period - Shot Misses the Net.
7:25 of 3rd period - Icing by Moritz Seider.
7:26 of 3rd period - William Karlsson wins face-off versus Tim Stutzle in Flyers zone.
7:28 of 3rd period - Icing by Moritz Seider.
7:29 of 3rd period - William Karlsson wins face-off versus Tim Stutzle in Flyers zone.
7:31 of 3rd period - Icing by Ryan Hartman.
7:32 of 3rd period - Tim Stutzle wins face-off versus William Karlsson in Flyers zone.
7:42 of 3rd period - Moritz Seider is hit by Sean Durzi and loses puck.
7:55 of 3rd period - Shot by Ryan Hartman.
7:55 of 3rd period - Shot Misses the Net.
8:08 of 3rd period - David Krejci is hit by Tyler Myers and loses puck.
8:12 of 3rd period - Anthony Duclair is hit by Tyler Myers and loses puck.
8:23 of 3rd period - Shot by Robert Hagg.
8:23 of 3rd period - Shot Blocked by Sean Durzi.
8:25 of 3rd period - Shot by Johnathan Kovacevic.
8:25 of 3rd period - Stopped by Jacob Markstrom without a rebound.
8:26 of 3rd period - Travis Boyd wins face-off versus Patrick Kane in Devils zone.
8:59 of 3rd period - Icing by Ryan Suter.
9:00 of 3rd period - Mike Hoffman wins face-off versus David Krejci in Devils zone.
9:05 of 3rd period - Shot by Dougie Hamilton.
9:05 of 3rd period - Shot Blocked by Johnathan Kovacevic.
9:11 of 3rd period - Shot by David Krejci.
9:11 of 3rd period - Shot Blocked by Ryan Suter.
9:13 of 3rd period - Shot by Morgan Frost.
9:13 of 3rd period - Stopped by Jacob Markstrom without a rebound.
9:14 of 3rd period - Boone Jenner wins face-off versus Adam Henrique in Devils zone.
9:20 of 3rd period - Off-side.
9:21 of 3rd period - Blake Wheeler wins face-off versus Adam Henrique in neutral zone.
10:20 of 3rd period - Icing by Ryan Suter.
10:21 of 3rd period - Tim Stutzle wins face-off versus David Krejci in Devils zone.
10:43 of 3rd period - Shot by Tim Stutzle.
10:43 of 3rd period - Stopped by Ilya Sorokin without a rebound.
10:44 of 3rd period - Travis Boyd wins face-off versus Boone Jenner in Flyers zone.
11:05 of 3rd period - Shot by Travis Boyd.
11:05 of 3rd period - Deflect By Mike Hoffman.
11:05 of 3rd period - Shot Misses the Net.
11:07 of 3rd period - Shot by Chad Ruhwedel.
11:07 of 3rd period - Shot Misses the Net.
11:09 of 3rd period - Shot by Troy Stecher.
11:09 of 3rd period - Stopped by Ilya Sorokin without a rebound.
11:10 of 3rd period - Tim Stutzle wins face-off versus David Krejci in Flyers zone.
11:19 of 3rd period - Shot by Tim Stutzle.
11:19 of 3rd period - Goal by Tim Stutzle - Devils : 7 - Flyers : 2.
11:20 of 3rd period - Adam Henrique wins face-off versus William Karlsson in neutral zone.
11:37 of 3rd period - Moritz Seider is hit by Rafael Harvey-Pinard and loses puck.
11:41 of 3rd period - Moritz Seider is hit by Tyler Myers and loses puck.
12:36 of 3rd period - Icing by Troy Stecher.
12:37 of 3rd period - Boone Jenner wins face-off versus Tim Stutzle in Devils zone.
12:52 of 3rd period - Shot by Boone Jenner.
12:52 of 3rd period - Stopped by Jacob Markstrom without a rebound.
12:53 of 3rd period - Travis Boyd wins face-off versus Trevor Moore in Devils zone.
13:14 of 3rd period - Radko Gudas is hit by Nick Foligno and loses puck.
13:19 of 3rd period - Shot by Mike Hoffman.
13:19 of 3rd period - Shot Misses the Net.
13:21 of 3rd period - Shot by Travis Boyd.
13:21 of 3rd period - Shot Blocked by Radko Gudas.
13:23 of 3rd period - Shot by Mike Hoffman.
13:23 of 3rd period - Stopped by Ilya Sorokin without a rebound.
13:24 of 3rd period - Boone Jenner wins face-off versus Mark Jankowski in Flyers zone.
13:41 of 3rd period - Shot by Boone Jenner.
13:41 of 3rd period - Deflect By Artemi Panarin.
13:41 of 3rd period - Stopped by Jacob Markstrom without a rebound.
13:42 of 3rd period - David Krejci wins face-off versus Phillip Di Giuseppe in Devils zone.
13:57 of 3rd period - Shot by Tim Stutzle.
13:57 of 3rd period - Stopped by Ilya Sorokin without a rebound.
13:58 of 3rd period - Travis Boyd wins face-off versus William Karlsson in Flyers zone.
14:15 of 3rd period - Shot by Ryan Hartman.
14:15 of 3rd period - Deflect By Brandon Tanev.
14:15 of 3rd period - Stopped by Jacob Markstrom without a rebound.
14:16 of 3rd period - Tim Stutzle wins face-off versus Boone Jenner in Devils zone.
14:30 of 3rd period - Shot by Tim Stutzle.
14:30 of 3rd period - Shot Misses the Net.
14:50 of 3rd period - Shot by Marcus Johansson.
14:50 of 3rd period - Deflect By Tim Stutzle.
14:50 of 3rd period - Shot Misses the Net.
14:52 of 3rd period - Shot by Troy Stecher.
14:52 of 3rd period - Shot Misses the Net.
14:54 of 3rd period - Shot by Troy Stecher.
14:54 of 3rd period - Shot Misses the Net.
15:45 of 3rd period - Icing by Trevor Moore.
15:46 of 3rd period - Blake Wheeler wins face-off versus Adam Henrique in Flyers zone.
16:07 of 3rd period - Rafael Harvey-Pinard is hit by Radko Gudas and loses puck.
16:12 of 3rd period - Shot by Rafael Harvey-Pinard.
16:12 of 3rd period - Shot Misses the Net.
16:14 of 3rd period - Shot by Rafael Harvey-Pinard.
16:14 of 3rd period - Shot Misses the Net.
16:16 of 3rd period - Shot by Dylan Guenther.
16:16 of 3rd period - Stopped by Ilya Sorokin without a rebound.
16:17 of 3rd period - David Krejci wins face-off versus Tim Stutzle in Flyers zone.
16:25 of 3rd period - Off-side.
16:26 of 3rd period - Mark Jankowski wins face-off versus William Karlsson in neutral zone.
16:37 of 3rd period - Shot by Derick Brassard.
16:37 of 3rd period - Stopped by Ilya Sorokin without a rebound.
16:38 of 3rd period - David Krejci wins face-off versus Tim Stutzle in Flyers zone.
16:38 of 3rd period - David Krejci is hit by Phillip Di Giuseppe.
17:03 of 3rd period - Tim Stutzle is hit by Morgan Frost and loses puck.
17:52 of 3rd period - Ryan Suter is hit by William Karlsson and loses puck.
17:59 of 3rd period - Shot by Ryan Hartman.
17:59 of 3rd period - Shot Misses the Net.
18:01 of 3rd period - Shot by Ryan Hartman.
18:01 of 3rd period - Shot Misses the Net.
18:03 of 3rd period - Shot by Brandon Tanev.
18:03 of 3rd period - Deflect By William Karlsson.
18:03 of 3rd period - Stopped by Jacob Markstrom with a rebound.
18:05 of 3rd period - Shot by Ryan Hartman.
18:05 of 3rd period - Shot Misses the Net.
18:15 of 3rd period - Shot by Alex Killorn.
18:15 of 3rd period - Stopped by Jacob Markstrom without a rebound.
18:16 of 3rd period - Adam Henrique wins face-off versus Boone Jenner in Devils zone.
18:18 of 3rd period - Minor Penalty to Boone Jenner for Boarding.
18:19 of 3rd period - Blake Wheeler wins face-off versus Travis Boyd in Flyers zone.
18:27 of 3rd period - Icing by Sean Durzi.
18:28 of 3rd period - Blake Wheeler wins face-off versus Travis Boyd in Devils zone.
18:41 of 3rd period - Shot by Dougie Hamilton.
18:41 of 3rd period - Stopped by Ilya Sorokin without a rebound.
18:42 of 3rd period - Adam Henrique wins face-off versus Blake Wheeler in Flyers zone.
18:53 of 3rd period - Shot by Sean Durzi.
18:53 of 3rd period - Shot Misses the Net.
18:55 of 3rd period - Shot by Dougie Hamilton.
18:55 of 3rd period - Stopped by Ilya Sorokin with a rebound.
18:57 of 3rd period - Shot by Adam Henrique.
18:57 of 3rd period - Stopped by Ilya Sorokin without a rebound.
18:58 of 3rd period - Blake Wheeler wins face-off versus Travis Boyd in Flyers zone.
19:06 of 3rd period - Off-side.
19:07 of 3rd period - Blake Wheeler wins face-off versus Adam Henrique in neutral zone.
19:25 of 3rd period - Icing by Tim Stutzle.
19:26 of 3rd period - Adam Henrique wins face-off versus David Krejci in Devils zone.
19:47 of 3rd period - Shot by Adam Henrique.
19:47 of 3rd period - Shot Blocked by Moritz Seider.
19:49 of 3rd period - Shot by Tim Stutzle.
19:49 of 3rd period - Goal by Tim Stutzle - Devils : 8 - Flyers : 2.
19:50 of 3rd period - Travis Boyd wins face-off versus Boone Jenner in neutral zone.
19:55 of 3rd period - Shot by Nick Foligno.
19:55 of 3rd period - Shot Misses the Net.
Goals for this period are 3 for Devils vs 0 for Flyers.
Shots for this period are 18 for Devils vs 12 for Flyers.